 Dungeon Crawl Stone Soup version 0.29-a0-330-g52719c12eb (webtiles) character file.

Game seed: 11680241524594553354

24793 Crownlay the Quickloader (level 13, -10/101 HPs)
             Began as a Gnoll Wanderer on May 25, 2022.
             Was a High Priest of Zin.
             Mangled by a death yak simulacrum (22 damage)
             ... in an ice cave on May 26, 2022.
             The game lasted 00:35:28 (12100 turns).

Crownlay the Quickloader (Gnoll Wanderer)          Turns: 12100, Time: 00:35:29

Health: -10/101    AC: 30    Str: 18    XL:     13   Next: 15%
Magic:  25/25      EV:  9    Int: 23    God:    Zin [*****.]
Gold:   657        SH:  8    Dex: 17    Spells: 28/28 levels left

rFire   . . .      SeeInvis .   z - +8 spear "Jeidaet" {flame, rCorr Str-3 Int+3}
rCold   . . .      Faith    .   b - +1 buckler
rNeg    . . .      Spirit   .   g - +13 plate armour of Hairiness {Regen+}
rPois   +          Reflect  .   k - +1 hat {Stlth+}
rElec   +          Harm     .   (no cloak)
rCorr   +          Rampage  .   v - +1 pair of gloves of Alleckoh {*Corrode rPois Str+6}
Will    .....                   (no boots)
Stlth   +.........              (no amulet)
HPRegen 1.06/turn               r - +6 ring of strength
MPRegen 0.19/turn               w - ring "Lidodoc" {*Slow rElec rCorr Int+6}

@: no status effects
A: fangs 1, strong nose, distributed training
a: Renounce Religion, Recite, Vitalisation, Imprison, Sanctuary, Donate Gold


You were in an ice cave.
You worshipped Zin.
Zin was extremely pleased with you.
You visited 3 branches of the dungeon, and saw 15 of its levels.
You also visited: Ossuary and Ice Cave.

You collected 943 gold pieces.
You spent 192 gold pieces at shops.
You donated 94 gold pieces to Zin.

Inventory:

Hand Weapons
 a - a +3 hand crossbow of freezing
 t - the +9 hunting sling of Ragnarok {flame, rPois rN+ Int-4}
   (You found it on level 4 of the Dungeon)

   Any ammunition fired from it burns those it strikes, dealing additional fire
   damage.
   Int:       It affects your intelligence (-4).
   rPois:     It protects you from poison.
   rN:        It protects you from negative energy.
 z - the +8 spear "Jeidaet" (weapon) {flame, rCorr Str-3 Int+3}
   (You bought it in a shop on level 2 of the Dungeon)

   It burns those it strikes, dealing additional fire damage.
   Str:       It affects your strength (-3).
   Int:       It affects your intelligence (+3).
   rCorr:     It protects you from acid and corrosion.
Missiles
 m - 3 curare-tipped darts (quivered)
Armour
 b - a +1 buckler (worn)
 g - the +13 plate armour of Hairiness (worn) {Regen+}
   (You acquired it on level 3 of the Dungeon)

   Regen:     It increases your rate of health regeneration.
 k - a +1 hat of stealth (worn)
 v - the +1 pair of gloves of Alleckoh (worn) {*Corrode rPois Str+6}
   (You found it on level 1 of the Lair of Beasts)

   Str:       It affects your strength (+6).
   rPois:     It protects you from poison.
   *Corrode:  It may corrode you when you take damage.
Jewellery
 r - a +6 ring of strength (left hand)
 w - the ring "Lidodoc" (right hand) {*Slow rElec rCorr Int+6}
   (You took it off an orc on level 5 of the Dungeon)

   [ring of intelligence]

   Int:       It affects your intelligence (+6).
   rElec:     It insulates you from electricity.
   rCorr:     It protects you from acid and corrosion.
   *Slow:     It may slow you when you take damage.
Wands
 o - a wand of flame (13)
 p - a wand of acid (4)
 y - a wand of digging (9)
Scrolls
 d - 2 scrolls of fog
 h - a scroll of teleportation
 i - a scroll of summoning
 q - a scroll of fear
 x - a scroll of holy word
 C - a scroll of enchant weapon
 D - a scroll of vulnerability
 F - 2 scrolls of blinking
Potions
 c - 4 potions of brilliance
 e - 2 potions of ambrosia {unknown}
 f - 3 potions of magic {unknown}
 j - a potion of resistance
 l - 3 potions of curing
 n - 4 potions of attraction {unknown}
 s - a potion of mutation
 u - a potion of flight
 A - a potion of haste
 B - a potion of invisibility
 E - a potion of cancellation


   Skills:
 + Level 9.3 Fighting
 + Level 8.0 Short Blades
 + Level 8.0 Long Blades
 + Level 8.0 Axes
 + Level 8.0 Maces & Flails
 + Level 8.0 Polearms
 + Level 8.0 Staves
 + Level 8.0 Slings
 + Level 8.0 Bows
 + Level 11.6 Crossbows
 + Level 8.0 Throwing
 + Level 9.3 Armour
 + Level 8.0 Dodging
 + Level 8.0 Stealth
 + Level 9.3 Shields
 + Level 8.0 Unarmed Combat
 + Level 8.0 Spellcasting
 + Level 6.6 Conjurations
 + Level 6.6 Hexes
 + Level 6.6 Summonings
 + Level 6.6 Necromancy
 + Level 6.6 Translocations
 + Level 6.6 Transmutations
 + Level 6.6 Fire Magic
 + Level 6.6 Ice Magic
 + Level 6.6 Air Magic
 + Level 6.6 Earth Magic
 + Level 6.6 Poison Magic
 + Level 8.8 Invocations
 + Level 8.0 Evocations


You had 28 spell levels left.
You didn't know any spells.
Your spell library contained the following spells:

 Spells                   Type           Power      Damage    Failure   Level
 Apportation              Tloc           80%        N/A       13%         1
 Shock                    Conj/Air       100%       1d9       13%         1
 Slow                     Hex            100%       N/A       13%         1
 Ensorcelled Hibernation  Hex/Ice        80%        N/A       19%         2
 Confusing Touch          Hex            40%        N/A       36%         3
 Gell's Gravitas          Tloc           40%        N/A       36%         3
 Lesser Beckoning         Tloc           40%        N/A       36%         3
 Spider Form              Tmut/Pois      40%        N/A       36%         3
 Swiftness                Air            40%        N/A       36%         3
 Teleport Other           Tloc           40%        N/A       36%         3
 Vampiric Draining        Necr           40%        2d8       36%         3
 Airstrike                Air            20%        N/A       77%         4
 Anguish                  Hex/Necr       20%        N/A       77%         4
 Hailstorm                Conj/Ice       40%        3d10      77%         4
 Ice Form                 Ice/Tmut       40%        N/A       77%         4
 Leda's Liquefaction      Hex/Erth       20%        N/A       77%         4
 Alistair's Intoxication  Tmut/Pois      26%        N/A       98%         5
 Lee's Rapid Deconstruct  Erth           20%        3d13*     98%         5
 Simulacrum               Ice/Necr       20%        N/A       100%        6
 Statue Form              Tmut/Erth      26%        N/A       100%        6


Dungeon Overview and Level Annotations

Branches:
Dungeon (11/15)            Temple (1/1) D:4            Lair (3/6) D:8
    Orc (0/2) D:10        Ossuary (visited)           IceCv (1/1)
  Swamp: Lair:2-4    Shoals: Lair:2-4     Snake: Lair:2-4    Spider: Lair:2-4

Altars:
Ashenzari
Cheibriados
Dithmenos
Elyvilon
Fedhas
Gozag
Hepliaklqana
Kikubaaqudgha
Makhleb
Nemelex Xobeh
Okawaru
Qazlal
Ru
Sif Muna
Trog
Uskayaw
Vehumet
Wu Jian
Xom
Yredelemnul
Zin
The Shining One
Beogh

Shops:
D:1 (   D:2 (


Innate Abilities, Weirdness & Mutations

You have very sharp teeth.
Your uncanny sense of smell can sniff out nearby items.
Your experience applies equally to all skills.


Message History

Your bite misses the white ugly thing. You hit the white ugly thing.
You burn the white ugly thing.
The white ugly thing is lightly wounded.
You block the cane toad simulacrum's attack.
The white ugly thing closely misses you.
You barely miss the polar bear simulacrum.
The polar bear simulacrum is heavily damaged.
The cane toad simulacrum hits you but does no damage.
You barely miss the polar bear simulacrum.
The polar bear simulacrum is heavily damaged.
The white ugly thing closely misses you.
You block the polar bear simulacrum's attack.
The polar bear simulacrum claws you but does no damage. x2
The cane toad simulacrum hits you but does no damage.
You completely miss the polar bear simulacrum.
The polar bear simulacrum is heavily damaged.
You block the white ugly thing's attack.
The polar bear simulacrum bites you! The polar bear simulacrum freezes you!
The polar bear simulacrum claws you but does no damage. x2
You puncture the polar bear simulacrum!
You melt the polar bear simulacrum.
The polar bear simulacrum is severely damaged.
The cane toad simulacrum hits you! The cane toad simulacrum freezes you!
The white ugly thing trunk-slaps you but does no damage.
You hit the polar bear simulacrum.
You melt the polar bear simulacrum.
The polar bear simulacrum vaporises!
Zin accepts your kill.
The cane toad simulacrum completely misses you.
You hit the white ugly thing. You burn the white ugly thing.
You bite the white ugly thing, but do no damage.
The white ugly thing is lightly wounded.
You block the white ugly thing's attack.
You puncture the death yak simulacrum!
You melt the death yak simulacrum.
The death yak simulacrum is moderately damaged.
You block the cane toad simulacrum's attack.
The death yak simulacrum gores you! The death yak simulacrum freezes you!!
* * * LOW HITPOINT WARNING * * *
The death yak simulacrum gores you!
* * * LOW HITPOINT WARNING * * *
The death yak simulacrum freezes you!!
You die...

#......?......#
#....8...8....#
#.............#
#...........#
#...........#
#...........#
#...ZuZ...#
#..Z@...#
##..∩..##
#######


You could see a white ugly thing, 2 death yak simulacra and a cane toad
simulacrum.

Vanquished Creatures
  Gastronok (Lair:2)
  8 death yaks
  2 tengu warriors (D:10)
  Pikel (D:9)
  An orc knight (D:10)
  11 elephants
  4 cane toads
  3 black mambas (Lair:3)
  3 komodo dragons
  An entropy weaver simulacrum (IceCv)
  A polar bear (Lair:2)
  Grinder (D:3)
  Prince Ribbit (D:9)
  4 blink frogs (Lair:3)
  A shadow (D:6)
  2 wyverns
  13 yaks
  3 basilisks
  A steam dragon (D:8)
  The ghost of eyesofgods1 the Cutter, an amateur OpFi (D:4)
  Duvessa (D:6)
  6 water moccasins
  3 ice beasts
  8 orc warriors
  4 black bears
  3 centaurs
  4 lemures (D:9)
  A phantom (D:5)
  2 kobold brigands
  A gnoll sergeant (D:4)
  8 bullfrogs
  A necrophage (D:7)
  4 scorpions
  13 wights
  Dowan (D:6)
  5 killer bees
  2 howler monkeys
  An electric eel (Lair:1)
  2 jellies (D:7)
  A centaur zombie (Ossuary)
  2 human zombies (Ossuary)
  9 orc priests
  2 gnoll shamans
  12 orc wizards
  3 iguanas
  A polar bear simulacrum (IceCv)
  2 mummies (Ossuary)
  Robin (D:3)
  6 adders
  14 gnolls
  A shadow imp (D:5)
  A white imp (D:6)
  2 ufetubi (D:5)
  4 worms
  A dart slug (D:2)
  52 orcs
  8 ball pythons
  10 endoplasms
  A giant cockroach (D:4)
  2 gnoll zombies (Ossuary)
  10 goblins
  12 hobgoblins
  2 jackals (D:2)
  A quokka (D:5)
  6 bats
  4 frilled lizards
  5 goblin zombies (Ossuary)
  3 hobgoblin zombies (Ossuary)
  19 kobolds
  An orc zombie (Ossuary)
  2 rats
333 creatures vanquished.

Vanquished Creatures (collateral kills)
  An orc knight (D:10)
1 creature vanquished.

Vanquished Creatures (others)
  A human (D:10)
  4 fungi
  9 plants
14 creatures vanquished.

Grand Total: 348 creatures vanquished

Notes
Turn   | Place    | Note
-------+----------+-------------------------------------------
     0 | D:1      | Crownlay the Gnoll Wanderer began the quest for the Orb.
     0 | D:1      | Crownlay set off with the following items: a +3 hand
                  | crossbow, a +0 buckler, a potion of brilliance, a +0 robe
     0 | D:1      | Reached XP level 1. HP: 20/20 MP: 1/1
    51 | D:1      | Found Emooz's Antique Weapon Shoppe.
   152 | D:1      | Reached XP level 2. HP: 26/26 MP: 2/2
   407 | D:2      | Found a faded altar of an unknown god.
   634 | D:2      | Found Ukhlaodd's Antique Weapon Emporium.
   669 | D:2      | Reached XP level 3. HP: 31/31 MP: 3/3
   898 | D:2      | Reached skill level 1 in Invocations
  1025 | D:2      | Reached skill level 1 in Short Blades
  1025 | D:2      | Reached skill level 1 in Long Blades
  1025 | D:2      | Reached skill level 1 in Axes
  1025 | D:2      | Reached skill level 1 in Maces & Flails
  1025 | D:2      | Reached skill level 1 in Polearms
  1025 | D:2      | Reached skill level 1 in Staves
  1025 | D:2      | Reached skill level 1 in Slings
  1025 | D:2      | Reached skill level 1 in Bows
  1025 | D:2      | Reached skill level 1 in Throwing
  1025 | D:2      | Reached skill level 1 in Dodging
  1025 | D:2      | Reached skill level 1 in Stealth
  1025 | D:2      | Reached skill level 1 in Unarmed Combat
  1025 | D:2      | Reached skill level 1 in Spellcasting
  1025 | D:2      | Reached skill level 1 in Evocations
  1163 | D:3      | Identified a scroll of acquirement
  1164 | D:3      | Acquired the +13 plate armour of Hairiness {Regen+}
  1315 | D:3      | Noticed Grinder
  1323 | D:3      | Killed Grinder
  1324 | D:3      | Reached skill level 1 in Conjurations
  1324 | D:3      | Reached skill level 1 in Hexes
  1324 | D:3      | Reached skill level 1 in Summonings
  1324 | D:3      | Reached skill level 1 in Necromancy
  1324 | D:3      | Reached skill level 1 in Translocations
  1324 | D:3      | Reached skill level 1 in Transmutations
  1324 | D:3      | Reached skill level 1 in Fire Magic
  1324 | D:3      | Reached skill level 1 in Ice Magic
  1324 | D:3      | Reached skill level 1 in Air Magic
  1324 | D:3      | Reached skill level 1 in Earth Magic
  1324 | D:3      | Reached skill level 1 in Poison Magic
  1324 | D:3      | Reached XP level 4. HP: 15/38 MP: 4/6
  1324 | D:3      | Reached XP level 5. HP: 17/43 MP: 4/7
  1324 | D:3      | Reached XP level 6. HP: 20/50 MP: 4/8
  1367 | D:3      | Noticed Robin
  1458 | D:3      | Reached skill level 5 in Fighting
  1458 | D:3      | Reached skill level 5 in Armour
  1458 | D:3      | Reached skill level 5 in Shields
  1467 | D:3      | Killed Robin
  1722 | D:3      | You fall into a shaft and drop 2 floors!
  1722 | D:5      | Entered Level 5 of the Dungeon
  1741 | D:5      | Noticed a water moccasin
  1752 | D:5      | Killed a water moccasin
  1753 | D:5      | Reached XP level 7. HP: 52/56 MP: 10/10
  1769 | D:5      | Found a sand-covered staircase.
  1779 | Ossuary  | Entered an ossuary
  2144 | D:5      | Reached skill level 9 in Crossbows
  2249 | D:5      | Reached XP level 8. HP: 63/63 MP: 12/12
  2288 | D:5      | Found a bloodstained altar of Trog.
  3050 | D:4      | Found a staircase to the Ecumenical Temple.
  3058 | Temple   | Entered the Ecumenical Temple
  3188 | Temple   | Became a worshipper of Zin the Law-Giver
  3188 | Temple   | Reached * piety under Zin
  3188 | Temple   | Reached ** piety under Zin
  3667 | D:4      | Found a runed translucent door.
  3668 | D:4      | Noticed eyesofgods1's ghost (amateur OpFi)
  3677 | D:4      | Killed eyesofgods1's ghost
  3683 | D:4      | Identified the +9 hunting sling of Ragnarok {flame, rPois
                  | rN+ Int-4}
  3943 | D:5      | Identified the ring "Lidodoc" {*Slow rElec rCorr Int+6}
  4100 | D:5      | Reached XP level 9. HP: 69/69 MP: 14/14
  4132 | D:5      | Found an opulent altar of Gozag.
  4551 | D:6      | Noticed Duvessa
  4555 | D:6      | Noticed Dowan
  4559 | D:6      | Killed Duvessa
  4562 | D:6      | Killed Dowan
  4584 | D:6      | Reached *** piety under Zin
  4690 | D:6      | Found a hide-covered altar of Uskayaw.
  4721 | D:6      | Found a stormy altar of Qazlal.
  4722 | D:6      | Found a snail-covered altar of Cheibriados.
  4722 | D:6      | Found a glowing golden altar of the Shining One.
  4723 | D:6      | Found a shimmering blue altar of Sif Muna.
  4724 | D:6      | Found a sparkling altar of Nemelex Xobeh.
  4725 | D:6      | Found an iron altar of Okawaru.
  5290 | D:7      | Reached skill level 5 in Invocations
  5864 | D:8      | Noticed a death yak
  5894 | D:9      | Noticed Prince Ribbit
  5897 | D:9      | Reached XP level 10. HP: 68/77 MP: 17/17
  5911 | D:9      | Killed Prince Ribbit
  5971 | D:9      | Identified the +0 leather armour of the Leaf {Will+ Str+4
                  | Dex+6}
  5976 | D:9      | Reached **** piety under Zin
  6029 | D:9      | Reached skill level 5 in Short Blades
  6029 | D:9      | Reached skill level 5 in Long Blades
  6029 | D:9      | Reached skill level 5 in Axes
  6029 | D:9      | Reached skill level 5 in Maces & Flails
  6029 | D:9      | Reached skill level 5 in Polearms
  6029 | D:9      | Reached skill level 5 in Staves
  6029 | D:9      | Reached skill level 5 in Slings
  6029 | D:9      | Reached skill level 5 in Bows
  6029 | D:9      | Reached skill level 5 in Throwing
  6029 | D:9      | Reached skill level 5 in Dodging
  6029 | D:9      | Reached skill level 5 in Stealth
  6029 | D:9      | Reached skill level 5 in Unarmed Combat
  6029 | D:9      | Reached skill level 5 in Spellcasting
  6029 | D:9      | Reached skill level 5 in Evocations
  6106 | D:8      | Noticed a death yak
  6106 | D:8      | Noticed a death yak
  6106 | D:8      | Noticed a death yak
  6106 | D:8      | Noticed a death yak
  6106 | D:8      | Noticed a death yak
  6111 | D:8      | Found a broken altar of Ashenzari.
  6147 | D:8      | Reached skill level 10 in Crossbows
  6315 | D:7      | Killed a death yak
  6559 | D:8      | HP: 3/79 [death yak (13)]
  6561 | D:8      | Killed a death yak
  6769 | D:9      | Found a burning altar of Makhleb.
  6773 | D:10     | Entered Level 10 of the Dungeon
  6833 | D:9      | Noticed Pikel
  6858 | D:9      | Killed Pikel
  6859 | D:9      | Reached XP level 11. HP: 70/84 MP: 19/19
  7252 | D:2      | Bought a glimmering spear for 192 gold pieces
  7252 | D:2      | Identified the +8 spear "Jeidaet" {flame, rCorr Str-3
                  | Int+3} (You bought it in a shop on level 2 of the Dungeon)
  7429 | D:7      | Killed a death yak
  7755 | D:8      | Found a staircase to the Lair.
  7831 | D:8      | Reached skill level 5 in Conjurations
  7831 | D:8      | Reached skill level 5 in Hexes
  7831 | D:8      | Reached skill level 5 in Summonings
  7831 | D:8      | Reached skill level 5 in Necromancy
  7831 | D:8      | Reached skill level 5 in Translocations
  7831 | D:8      | Reached skill level 5 in Transmutations
  7831 | D:8      | Reached skill level 5 in Fire Magic
  7831 | D:8      | Reached skill level 5 in Ice Magic
  7831 | D:8      | Reached skill level 5 in Air Magic
  7831 | D:8      | Reached skill level 5 in Earth Magic
  7831 | D:8      | Reached skill level 5 in Poison Magic
  7880 | D:8      | Killed a death yak
  7917 | D:8      | Killed a death yak
  7937 | D:8      | Killed a death yak
  8614 | D:10     | Noticed an orc knight
  8667 | D:10     | Killed an orc knight
  8782 | D:10     | Found a staircase to the Orcish Mines.
  8803 | D:10     | Noticed an orc knight
  8824 | D:10     | Killed an orc knight
  8859 | D:10     | Noticed a tengu warrior
  8891 | D:10     | Killed a tengu warrior
  8961 | D:10     | Found an ancient bone altar of Kikubaaqudgha.
  8993 | D:10     | Noticed a tengu warrior
  9012 | D:10     | Killed a tengu warrior
  9617 | Lair:1   | Entered Level 1 of the Lair of Beasts
  9715 | Lair:1   | Reached XP level 12. HP: 56/93 MP: 22/22
  9729 | Lair:1   | Reached skill level 11 in Crossbows
 10015 | Lair:1   | Identified the +1 pair of gloves of Alleckoh {*Corrode
                  | rPois Str+6}
 10074 | Lair:1   | Reached ***** piety under Zin
 10962 | Lair:2   | Noticed Gastronok
 11000 | Lair:2   | Killed Gastronok
 11644 | Lair:3   | Noticed a death yak
 11672 | Lair:3   | Killed a death yak
 11695 | Lair:3   | Noticed a death yak
 11704 | Lair:3   | Killed a death yak
 11860 | Lair:3   | Reached XP level 13. HP: 36/101 MP: 24/24
 12070 | Lair:3   | Found a frozen archway.
 12084 | IceCv    | Entered an ice cave
 12100 | IceCv    | Mangled by a death yak simulacrum

Illustrated notes

Levels and vault maps discovered:
D:1:      minmay_arrival_three_doors, layout_rooms, serial_shops,
          nicolae_shop_crystal
D:2:      layout_loops_corners, ebering_ecumenical_altar_box, serial_shops,
          nicolae_shop_overgrown_old_shop
D:3:      layout_loops_corners, uniq_robin, uniq_grinder
D:4:      layout_loops_ring, minmay_temple_entry_gardened_gates,
          ebering_ghost_reflecting_pool, dk_rats_in_the_wall
D:5:      layout_loops_ring, kennysheep_little_box,
          mainiacjoe_overflow_chevrons, enter_ossuary_2
D:6:      layout_basic, minitemple, kennysheep_decorative_pillar,
          nicolae_underground_beach, uniq_duvessa
D:7:      layout_basic
D:8:      layout_basic, ashenzari_conservatory_becter, dpeg_lair_monsters
D:9:      layout_rooms, lemuel_crystal_altar, uniq_pikel, uniq_prince_ribbit1
D:10:     layout_loops_ring, tgw_kikubaaqudgha, david_orc_5
D:11:     layout_rooms, nicolae_tso_swordbearing_angel
Temple:   zaba_magenta_temple
Lair:1:   layout_regular_city, serial_bayou_shore_a
Lair:2:   layout_hall_layers, lemuel_fruit_fields, uniq_gastronok
Lair:3:   layout_roguey, portal_ice_cave_entry_pillars_1, st_stairs_6,
          minmay_shattered_shrine, infiniplex_staircase_pool
IceCv:    ice_cave_statue_garden_transporter

Skill      XL: |  1  2  3  4  5  6  7  8  9 10 11 12 13 |
---------------+----------------------------------------+-----
Invocations    | 2 3 4 5 6 7 8 |  8.8
Short Blades   | 1 2 3 4 5 6 7 8 |  8.0
Long Blades    | 1 2 3 4 5 6 7 8 |  8.0
Axes           | 1 2 3 4 5 6 7 8 |  8.0
Maces & Flails | 1 2 3 4 5 6 7 8 |  8.0
Polearms       | 1 2 3 4 5 6 7 8 |  8.0
Staves         | 1 2 3 4 5 6 7 8 |  8.0
Slings         | 1 2 3 4 5 6 7 8 |  8.0
Bows           | 1 2 3 4 5 6 7 8 |  8.0
Throwing       | 1 2 3 4 5 6 7 8 |  8.0
Dodging        | 1 2 3 4 5 6 7 8 |  8.0
Stealth        | 1 2 3 4 5 6 7 8 |  8.0
Unarmed Combat | 1 2 3 4 5 6 7 8 |  8.0
Spellcasting   | 1 2 3 4 5 6 7 8 |  8.0
Evocations     | 1 2 3 4 5 6 7 8 |  8.0
Conjurations   | 1 2 3 4 5 6 |  6.6
Hexes          | 1 2 3 4 5 6 |  6.6
Summonings     | 1 2 3 4 5 6 |  6.6
Necromancy     | 1 2 3 4 5 6 |  6.6
Translocations | 1 2 3 4 5 6 |  6.6
Transmutations | 1 2 3 4 5 6 |  6.6
Fire Magic     | 1 2 3 4 5 6 |  6.6
Ice Magic      | 1 2 3 4 5 6 |  6.6
Air Magic      | 1 2 3 4 5 6 |  6.6
Earth Magic    | 1 2 3 4 5 6 |  6.6
Poison Magic   | 1 2 3 4 5 6 |  6.6
Fighting       | 5 6 7 8 9 |  9.3
Armour         | 5 6 7 8 9 |  9.3
Shields        | 5 6 7 8 9 |  9.3
Crossbows      | 9 10 11 | 11.6

Action                   |  1- 3 |  4- 6 |  7- 9 | 10-12 | 13-15 || total
-------------------------+-------+-------+-------+-------+-------++-------
Melee: Hunting sling     |       |       |     1 |       |       ||     1
       Spear             |       |       |       |   557 |    68 ||   625
       Bite              |       |       |       |   119 |     9 ||   128
 Fire: Hand crossbow     |    80 |    65 |   292 |       |       ||   437
       Hunting sling     |       |       |   157 |   331 |     9 ||   497
Throw: Dart              |       |       |       |     5 |       ||     5
Evoke: Wand              |       |       |       |     3 |     2 ||     5
  Use: Scroll            |     5 |     2 |     1 |    21 |     1 ||    30
       Potion            |       |     1 |     1 |     4 |     1 ||     7
Armor: Plate armour      |     4 |    78 |   657 |   756 |    41 ||  1536
       Robe              |     1 |       |       |       |       ||     1
Dodge: Dodged            |     5 |     3 |    56 |   280 |    21 ||   365
Block: Buckler           |     4 |    20 |   163 |   351 |    23 ||   561

Table legend: (Time is in decaauts)
 A = Elapsed time spent in this place.
 B = Non-inter-level travel time spent in this place.
 C = Inter-level travel time spent in this place.
 D = Time resting spent in this place.
 E = Time spent auto-exploring this place.
 F = Levels seen in this place.
 G = Mean time per level.
                   A        B        C        D        E       F      G
               +--------+--------+--------+--------+--------+-----+--------+
         Total |  12837 |  11675 |   1162 |     76 |   7845 |  17 |  755.1 |
       Dungeon |  10005 |   8960 |   1045 |     76 |   6274 |  11 |  909.5 |
        Temple |    143 |    130 |     13 |      0 |     50 |   1 |  143.0 |
          Lair |   2427 |   2323 |    104 |      0 |   1453 |   3 |  809.0 |
       Ossuary |    249 |    249 |      0 |      0 |     68 |   1 |  249.0 |
      Ice Cave |     11 |     11 |      0 |      0 |      0 |   1 |   11.0 |
               +--------+--------+--------+--------+--------+-----+--------+

Top non-repeatable levels by time:
     D:8: 1627 daAuts
     D:3: 1188 daAuts
    D:10: 1178 daAuts
     D:5: 1121 daAuts
  Lair:2: 1120 daAuts
     D:4: 1055 daAuts
     D:7: 1011 daAuts
     D:2: 845 daAuts
     D:9: 824 daAuts
  Lair:1: 798 daAuts
     D:6: 786 daAuts
  Lair:3: 508 daAuts
     D:1: 363 daAuts
 Ossuary: 249 daAuts
  Temple: 143 daAuts
